 Dungeon Crawl Stone Soup version 0.17.1-2-g5865329 (webtiles) character file.

732 pipel the Covert (level 7, -5/36 HPs)
             Began as a Vine Stalker Assassin on Jan 23, 2016.
             Was an Initiate of Ashenzari.
             Slain by a four-headed hydra (11 damage)
             ... on level 8 of the Dungeon.
             The game lasted 00:12:57 (1028 turns).

pipel the Covert (Vine Stalker Assassin)            Turns: 1028, Time: 00:12:57

Health: -5/36      AC:  4    Str: 13    XL:     7   Next: 73%
Magic:  0/8        EV: 14    Int: 11    God:    Ashenzari [......]
Gold:   131        SH:  0    Dex: 18    Spells: 0 memorised, 6 levels left

rFire  . . .     SeeInvis .     a - +2 dagger (drain)
rCold  . . .     Clarity  .     c - +0 robe
rNeg   . . .     SustAt   .     (no shield)
rPois  .         Gourm    .     (no helmet)
rElec  .         Spirit   +     d - +1 cloak
rCorr  +         Warding  .     (no gloves)
rMut   .         Stasis   .     (no boots)
MR     .....                    j - amulet of resist corrosion
Stlth  ++++......               (no ring)
                                (no ring)

@: not resistant to hostile enchantments, stealthy
A: fangs 2, regeneration 2, magic shield, antimagic bite, no device heal 3, rot
immunity
a: Renounce Religion


You were on level 8 of the Dungeon.
You worshipped Ashenzari.
Ashenzari was noncommittal.
You were not hungry.

You visited 1 branch of the dungeon, and saw 8 of its levels.

You collected 131 gold pieces.

Inventory:

Hand Weapons
 a - a +2 dagger of draining (weapon)
 b - a +0 blowgun
 n - a +2 dagger
Missiles
 e - 4 poisoned needles
 r - a curare-tipped needle
Armour
 c - a +0 robe (worn)
 d - a +1 cloak (worn)
Jewellery
 j - an amulet of resist corrosion (around neck)
Scrolls
 k - a scroll of identify
 l - 3 scrolls of holy word {unknown}
Potions
 f - 2 potions of curing
 i - a potion of heal wounds {unknown}
 s - a potion of might
Comestibles
 g - a bread ration
 h - 2 royal jellies
 o - a meat ration
 q - a slice of pizza


   Skills:
 + Level 3.3 Fighting
 - Level 1.7 Short Blades
 - Level 1.7 Throwing
 + Level 4.0 Dodging
 + Level 9.1 Stealth


You had 6 spell levels left.
You didn't know any spells.

Dungeon Overview and Level Annotations

Branches:
Dungeon (8/15)
 Temple: D:4-7         Lair: D:8-11

Altars:
Ashenzari


Innate Abilities, Weirdness & Mutations

You have extremely sharp teeth.
You heal very quickly.
When hurt, damage is shared between your health and your magic reserves.
Your bite disrupts and absorbs the magic of your enemies.
Potions and wands cannot restore your health.
You are immune to rotting.


Message History

You see here a worker ant corpse.
A four-headed hydra comes into view.
The helpless four-headed hydra fails to defend itself.
You spit the four-headed hydra like a pig!!!
You drain the four-headed hydra!
The four-headed hydra is severely wounded.
The four-headed hydra bites you!
The four-headed hydra closely misses you.
The four-headed hydra bites you!
The four-headed hydra closely misses you.
You aren't carrying any items that can be evoked.
You hit the four-headed hydra.
The four-headed hydra is severely wounded.
The four-headed hydra misses you. The four-headed hydra bites you.
The four-headed hydra bites you. The four-headed hydra bites you!
* * * LOW HITPOINT WARNING * * *
You barely miss the four-headed hydra. Your bite misses the four-headed hydra.
The four-headed hydra is severely wounded.
The four-headed hydra bites you!
You die...

.# # ## .... ...#####
.#.#.#.#.....#
.............#
#+#.#.#.#.....#
..............####
Z.#.#.#$#.D.......
.......(.@.......
..#.#.#.#.........
..................#
.#.#.#.####+#....+
##........#....#
#...†.....#....# ###
#.........+....#####....
#.........#.............
#...##'####.............


You could see a four-headed hydra.

Vanquished Creatures
  2 ogres (D:4)
  A giant frog (D:6)
  3 killer bees (D:7)
  3 orc priests
  A giant frog skeleton (D:5)
  An orc wizard (D:4)
  A centaur skeleton (D:5)
  2 hounds
  3 worker ants
  An adder (D:2)
  2 adder skeletons (D:2)
  2 worms (D:2)
  A giant gecko (D:5)
  3 orcs
  5 bats
  A bat zombie (D:2)
  A giant cockroach (D:2)
  3 hobgoblins
  3 jackals (D:3)
  A giant gecko skeleton (D:4)
  A giant gecko zombie (D:2)
  A giant newt (D:2)
  3 goblins
  6 kobolds
  33 rats (D:2)
84 creatures vanquished.

Notes
Turn   | Place    | Note
--------------------------------------------------------------
     0 | D:1      | pipel the Vine Stalker Assassin began the quest for the Orb.
     0 | D:1      | Reached XP level 1. HP: 11/11 MP: 2/2
    57 | D:2      | Reached skill level 5 in Stealth
    66 | D:2      | Reached XP level 2. HP: 12/15 MP: 1/3
    85 | D:2      | Reached skill level 1 in Dodging
   135 | D:2      | Reached XP level 3. HP: 18/18 MP: 4/4
   364 | D:2      | Reached skill level 6 in Stealth
   457 | D:2      | Reached XP level 4. HP: 23/23 MP: 5/5
   613 | D:4      | Reached XP level 5. HP: 21/27 MP: 6/6
   622 | D:4      | Noticed an ogre
   628 | D:4      | Reached skill level 7 in Stealth
   633 | D:4      | Killed an ogre
   633 | D:4      | Gained mutation: You heal very quickly. [Vine Stalker growth]
   633 | D:4      | Reached XP level 6. HP: 20/32 MP: 7/7
   644 | D:3      | Found a shattered altar of Ashenzari.
   651 | D:3      | Became a worshipper of Ashenzari the Shackled
   688 | D:4      | Noticed an ogre
   697 | D:4      | Killed an ogre
   733 | D:5      | Entered Level 5 of the Dungeon
   827 | D:5      | Reached skill level 8 in Stealth
   827 | D:5      | Reached XP level 7. HP: 36/36 MP: 8/8
   955 | D:7      | Reached skill level 9 in Stealth
  1021 | D:8      | Noticed a four-headed hydra
  1028 | D:8      | Slain by a four-headed hydra

Action                   |  1- 3 |  4- 6 |  7- 9 || total
-------------------------+-------+-------+-------++-------
Melee: Dagger            |    83 |    52 |    21 ||   156
 Fire: Blowgun           |     7 |     8 |     5 ||    20
  Use: Scroll            |       |       |     7 ||     7
 Stab: Sleeping          |     9 |     6 |     5 ||    20
  Eat: Beef jerky        |       |       |     1 ||     1
